Map: Void Zone

Players

BlueHawk - Winner!

  • Race: Terran Terran
  • Spawn Location: 5:00

fortes - Winner!

  • Race: Zerg Zerg
  • Spawn Location: 5:00

rod - Winner!

  • Race: Terran Terran
  • Spawn Location: 7:00

irvinz

  • Race: Zerg Zerg
  • League: Gold
  • Spawn Location: 1:00

DarkTemplar - Winner!

  • Race: Protoss Protoss
  • League: Silver
  • Spawn Location: 5:00

bertman

  • Race: Terran Terran
  • Spawn Location: 1:00

VOD

Have the link to the VOD?

Description

Time

  • Played on: Aug. 31, 2018, 3:16 p.m.
  • Length: 19:25
Show
View Real Time Build Order
Export as new Build Order

BlueHawk Terran - Winner!

Build Orders: Reaper Expand 

Get SALT Encoding   

  12  0:11  Supply Depot  
  12  0:21  SCV  
  13  0:34  Refinery  
  13  0:36  Barracks  
  13  1:05  SCV  
  14  1:19  SCV  
  14  1:23  Barracks Reactor  
  15  1:31  Orbital Command  
  15  1:54  Command Center  
  15  1:59  SCV  
  15  2:00  Reaper  
  17  2:04  Reaper  
  18  2:24  Refinery  
  18  2:33  Factory  
  18  2:34  SCV  
  19  2:46  SCV  
  20  2:58  SCV  
  21  3:10  SCV  
  22  3:17  Factory Tech Lab  
  22  3:19  Marine x2  
  24  3:48  SCV x2  
  26  4:00  SCV  
  26  4:02  Marine  
  27  4:18  SCV  
  27  4:19  Orbital Command  
  27  4:23  Starport  
  28  4:29  Marine  
  28  4:30  Siege Tank  
  32  4:34  SCV  
  33  4:43  Marine  
  34  4:46  SCV  
  34  4:47  Marine  
  36  4:55  Ghost Academy  
  36  4:57  Barracks  
  36  4:58  SCV x2  
  38  5:01  Starport Tech Lab  
  38  5:02  Ghost Academy  
  37  5:11  Supply Depot  
  37  5:12  Supply Depot, SCV  
  38  5:14  Supply Depot  
  38  5:33  Siege Tank, SCV x2  
  43  5:36  Personal Cloaking  
  43  5:42  Nuke  
  43  5:46  Marine x2  
  43  5:47  Marine  
  46  5:59  Starport Reactor  
  46  6:02  SCV x2  
  48  6:12  Factory  
  48  6:14  SCV x2  
  50  6:20  Marine x2  
  50  6:21  Marine  
  50  6:22  Siege Tank  
  56  6:26  SCV  
  56  6:28  Refinery  
  56  6:29  Refinery, SCV  
  58  6:38  Marine  
  58  6:39  Medivac  
  61  6:41  Marine  
  62  6:49  Supply Depot x2  
  62  6:50  Supply Depot  
  62  6:52  Engineering Bay  
  62  6:56  Engineering Bay  
  62  7:07  Command Center  
  62  7:10  SCV x2, Marine x2  
  65  7:25  SCV x2  
  65  7:27  Marine  
  65  7:28  Siege Tank, Marine x2  
  73  7:39  SCV x2  
  75  7:49  Barracks x2  
  75  7:50  Terran Infantry Weapons Level 1, Terran Infantry Armor Level 1  
  75  7:51  Nuke  
  75  7:54  SCV x2  
  77  8:00  Widow Mine  
  78  8:06  SCV  
  78  8:09  SCV  
  79  8:18  SCV  
  78  8:22  Widow Mine  
  80  8:30  SCV x2  
  81  8:50  Barracks Tech Lab x3  
  81  8:52  Siege Tank x2  
  81  8:53  Medivac  
  81  8:54  SCV  
  81  8:55  SCV  
  92  9:04  Orbital Command  
  91  9:10  SCV x2  
  91  9:16  Marine  
  91  9:17  Marine  
  94  9:19  Ghost x2  
  98  9:50  SCV x3  
  85  10:08  Marine x3  
  85  10:09  Marine x2  
  75  10:24  SCV  
  75  10:25  SCV x2  
  75  10:26  Marine x4  
  83  10:29  Siege Tank x2  
  89  10:40  Ghost  
  90  10:46  Ghost x2  
  90  10:48  Marine x2  
  96  10:55  SCV  
  96  10:56  SCV x2  
  99  11:02  Refinery x2  
  99  11:05  Marine  
  99  11:06  Marine  
  99  11:08  Supply Depot  
  99  11:09  Supply Depot  
  99  11:10  Supply Depot  
  101  11:29  Siege Tank, SCV, Medivac x2  
  101  11:30  Ghost  
  101  11:31  Siege Tank, Ghost Academy, SCV x2  
  101  11:32  Ghost Academy  
  116  11:42  Marine x3  
  116  11:43  Marine  
  120  11:52  Barracks  
  120  11:53  Barracks  
  120  11:59  Marine  
  120  12:00  Marine  
  94  12:35  SCV x2  
  94  12:36  Marine x3  
  94  12:37  Marine x2  
  99  12:38  Siege Tank x2  
  107  12:45  Nuke x2  
  104  12:54  Marine x3  
  91  13:07  Marine  
  91  13:08  Marine x3  
  91  13:10  Siege Tank  
  91  13:12  Marine x3  
  99  13:13  Siege Tank  
  102  13:25  Marine x2  
  104  13:42  Siege Tank  
  107  13:49  Marine  
  107  13:50  Marine x6  
  107  13:52  Siege Tank  
  107  13:55  Nuke  
  117  14:07  Marine x3  
  117  14:08  Marine x2  
  122  14:13  SCV x2  
  122  14:14  SCV  
  125  14:24  Nuke  
  125  15:01  Nuke x2  
  125  15:24  Ghost  
  125  15:51  Supply Depot  
  125  15:52  Supply Depot  
  125  15:53  Supply Depot  
  125  15:54  Supply Depot  
  125  16:00  Supply Depot  
  125  16:01  Supply Depot  
  125  16:02  Supply Depot  
  125  16:05  Supply Depot  
  125  16:12  Ghost x2  
  125  16:13  Marine x3, Ghost  
  125  16:14  Siege Tank  
  137  16:41  Ghost x2  
  141  16:54  Marine x5  
  146  17:09  Ghost  
  146  17:10  Ghost  
  146  17:12  Marine  
  151  17:25  Marine x3  
  151  17:26  Marine  
  151  17:28  Siege Tank x2  
  151  17:29  Marine  
  162  17:38  Marine  
  162  17:39  Marine  
  162  17:43  Ghost  
  166  17:56  Ghost x2  
  170  18:33  Marine x6  
  170  18:34  Marine  
  173  18:50  Marine  
  173  18:51  Marine x6  
Show
View Real Time Build Order
Export as new Build Order

fortes Zerg - Winner!

Build Orders: Hatch First 

Get SALT Encoding   

  12  0:01  Drone  
  13  0:13  Overlord  
  13  0:18  Drone  
  14  0:31  Drone x2  
  16  0:37  Drone  
  17  0:56  Drone  
  18  1:04  Drone  
  19  1:07  Hatchery  
  18  1:17  Spawning Pool  
  18  1:18  Drone  
  18  1:21  Drone  
  19  1:28  Extractor  
  19  1:30  Drone  
  19  1:52  Drone x2  
  21  2:08  Drone  
  22  2:18  Queen  
  22  2:19  Overlord  
  24  2:34  Drone x4  
  28  2:42  Drone  
  29  2:47  Drone  
  30  2:52  Metabolic Boost  
  30  2:54  Queen  
  32  3:03  Drone  
  32  3:04  Drone x2  
  35  3:10  Drone  
  35  3:11  Hatchery  
  35  3:18  Drone  
  36  3:30  Lair  
  36  3:35  Overlord  
  36  3:36  Overlord  
  36  3:46  Overlord x2  
  36  3:49  Overlord x2  
  36  3:59  Spine Crawler  
  35  4:03  Spine Crawler  
  35  4:06  Drone  
  35  4:07  Drone x4  
  39  4:13  Drone x3  
  42  4:27  Drone  
  43  4:40  Hydralisk Den  
  43  4:41  Extractor  
  43  4:42  Drone  
  43  4:43  Drone x7  
  43  4:44  Drone  
  50  4:53  Drone x2  
  50  4:59  Drone x2  
  54  5:17  Hydralisk x3  
  54  5:18  Hydralisk x2  
  54  5:20  Zergling x2  
  65  5:26  Extractor  
  64  5:31  Extractor  
  64  5:32  Drone x8  
  71  5:42  Spine Crawler  
  70  5:45  Spine Crawler  
  70  5:48  Spine Crawler  
  68  5:58  Grooved Spines  
  68  6:31  Drone x2  
  68  6:32  Drone x7  
  77  6:38  Hatchery  
  76  6:52  Drone x3  
  79  7:11  Spire  
  78  7:16  Queen  
  78  7:19  Hydralisk  
  78  7:20  Hydralisk x4  
  90  7:41  Overlord x2  
  90  7:42  Overlord x2  
  90  7:55  Zergling x6  
  90  7:56  Zergling x6  
  96  7:59  Overlord x2  
  96  8:00  Hydralisk x2  
  96  8:01  Hydralisk  
  96  8:04  Drone x2  
  104  8:12  Spore Crawler  
  103  8:16  Spore Crawler  
  103  8:19  Spine Crawler  
  101  8:30  Muscular Augments  
  97  9:02  Drone x5  
  102  9:03  Drone x4  
  106  9:13  Drone  
  106  9:14  Drone x4  
  110  9:29  Zergling x2  
  110  9:30  Zergling x8  
  111  9:45  Hatchery  
  105  9:53  Zergling x10  
  105  9:54  Zergling x2  
  110  10:00  Spine Crawler  
  109  10:09  Zergling x2  
  109  10:10  Hatchery, Zergling x10  
  80  11:07  Mutalisk x9  
  92  11:23  Spine Crawler  
  91  11:27  Mutalisk  
  91  11:28  Mutalisk x3  
  99  12:01  Queen  
  99  12:03  Hydralisk x8  
  99  12:04  Hydralisk x4  
  109  12:37  Zergling x2  
  109  12:38  Zergling x26  
  115  12:48  Hydralisk  
  91  13:00  Spine Crawler  
  91  13:02  Spore Crawler  
  91  13:05  Spine Crawler  
  88  13:06  Spine Crawler  
  88  13:07  Hydralisk  
  88  13:08  Hydralisk x6  
  88  13:11  Spine Crawler  
  92  13:32  Spine Crawler  
  86  13:40  Mutalisk x2  
  89  13:44  Zergling x2  
  89  13:45  Zergling x18  
  99  14:04  Mutalisk  
  99  14:06  Overlord  
  99  14:09  Drone  
  102  14:10  Drone x5  
  107  14:24  Extractor  
  107  14:29  Zergling x16  
  107  14:30  Extractor  
  109  14:52  Zergling x4  
  86  14:53  Zergling x4  
  86  14:54  Zergling x8  
  88  15:04  Hydralisk x4  
  96  15:28  Hydralisk x4  
  96  15:29  Mutalisk x4  
  112  15:40  Mutalisk  
  112  15:42  Hydralisk x3  
  118  15:49  Extractor  
  119  15:51  Extractor, Drone x2  
  119  15:52  Drone x2  
  97  16:23  Mutalisk  
  97  16:24  Mutalisk x4  
  100  16:28  Zergling x14  
  103  16:51  Hydralisk  
  103  16:52  Hydralisk x3  
  103  16:53  Hydralisk x4  
  119  16:58  Mutalisk  
  121  17:32  Hydralisk x7  
  121  17:33  Hydralisk x3  
  140  17:56  Mutalisk x3  
  143  18:12  Hydralisk x4  
  151  18:14  Zergling x2  
  146  18:36  Zergling x6  
  146  18:37  Zergling x8  
  146  18:38  Overlord x2  
  146  18:39  Overlord  
  127  18:56  Zergling x2  
Show
View Real Time Build Order
Export as new Build Order

rod Terran - Winner!

Build Orders:  

Get SALT Encoding   

  12  0:05  SCV  
  13  0:31  SCV  
  14  0:38  Supply Depot  
  14  0:43  SCV  
  15  1:00  SCV  
  16  1:19  SCV  
  16  1:24  Refinery  
  17  1:31  SCV, Barracks  
  18  1:49  SCV  
  19  2:05  Refinery  
  19  2:31  Marine  
  20  2:43  Barracks  
  20  2:49  Marine  
  21  2:53  SCV  
  22  3:07  Marine  
  23  3:22  Orbital Command  
  23  3:30  Command Center  
  23  3:37  Supply Depot  
  23  3:42  Supply Depot  
  23  3:59  SCV, Marine  
  23  4:00  Supply Depot  
  25  4:05  Supply Depot  
  25  4:11  Supply Depot  
  25  4:16  Marine  
  26  4:24  Barracks Reactor  
  26  4:34  Supply Depot, Marine  
  26  4:36  Engineering Bay, SCV  
  28  4:52  Marine  
  29  4:54  Orbital Command  
  29  5:04  Engineering Bay  
  29  5:09  Marine x2  
  32  5:19  Barracks Tech Lab  
  30  5:27  Marine x2  
  30  5:38  Terran Infantry Weapons Level 1, Factory  
  30  5:39  Terran Infantry Armor Level 1  
  30  5:42  Marine  
  31  5:45  Marine x2  
  31  5:46  Combat Shield  
  33  5:53  SCV  
  34  5:59  Marine  
  34  6:00  SCV  
  34  6:03  Marine  
  37  6:05  Refinery, SCV  
  38  6:12  SCV  
  38  6:17  SCV  
  40  6:24  SCV  
  41  6:29  SCV  
  42  6:32  Marine  
  42  6:33  Marine x2  
  42  6:36  SCV  
  46  6:48  SCV  
  46  6:50  Marine  
  46  6:51  Marine x2  
  46  6:52  Armory  
  50  7:05  Supply Depot  
  50  7:06  Stimpack  
  50  7:08  Marine  
  50  7:09  Marine x2  
  50  7:13  Barracks  
  53  7:22  Bunker  
  53  7:26  Marine x2  
  53  7:27  Marine  
  53  7:29  Supply Depot  
  56  7:32  Sensor Tower  
  55  7:41  Starport  
  55  7:44  Marine x3  
  52  7:52  Supply Depot  
  52  7:56  SCV  
  51  8:02  Marine  
  52  8:08  SCV  
  53  8:19  Terran Infantry Weapons Level 2  
  53  8:20  Terran Infantry Armor Level 2  
  53  8:21  SCV  
  53  8:24  Medivac  
  56  8:28  Marine x3  
  56  8:31  Command Center  
  56  8:33  SCV  
  60  8:45  SCV, Marine  
  60  8:46  Marine x2  
  64  8:49  Marine  
  64  8:54  Medivac  
  67  9:03  Marine x2  
  67  9:04  Marine  
  67  9:07  Marine  
  71  9:21  Marine  
  72  9:24  Missile Turret, Marine  
  73  9:34  SCV  
  74  9:42  Marine  
  75  9:46  SCV  
  75  9:47  Missile Turret  
  75  9:52  SCV  
  77  9:58  SCV  
  78  10:06  Refinery, Marine x3  
  81  10:08  Missile Turret  
  81  10:10  SCV  
  82  10:24  Marine x3  
  85  10:34  Missile Turret  
  85  10:42  Marine  
  86  11:01  Marine x3  
  89  11:04  Terran Infantry Weapons Level 3  
  89  11:05  Terran Infantry Armor Level 3  
  89  11:08  Widow Mine  
  91  11:19  Marine x2  
  93  11:28  SCV  
  93  11:30  Widow Mine  
  96  11:39  Supply Depot, Marine  
  97  11:40  SCV, Marine x2  
  97  11:41  Refinery  
  100  11:51  Widow Mine  
  100  11:52  SCV  
  103  11:57  Marine x2  
  103  11:58  Bunker, Marine  
  106  12:02  Supply Depot, Marine  
  106  12:04  SCV  
  108  12:12  Widow Mine  
  108  12:15  Marine x2  
  111  12:16  SCV, Marine  
  111  12:20  Marine  
  115  12:23  Starport Tech Lab  
  115  12:26  Supply Depot  
  115  12:33  Marine x3  
  115  12:34  Widow Mine  
  120  12:38  Marine  
  121  12:50  Marine  
  121  12:51  Marine x2  
  122  12:55  Widow Mine  
  122  12:56  Marine  
  127  13:02  Orbital Command  
  127  13:08  Marine  
  128  13:14  Marine  
  129  13:25  Marine  
  129  13:26  Marine x2  
  132  13:41  Hi-Sec Auto Tracking  
  132  13:42  Structure Armor  
  132  13:43  Marine x2  
  132  13:44  Marine  
  135  14:01  Marine x2  
  135  14:02  Marine  
  138  14:19  Marine x3  
  141  14:35  Medivac  
  141  14:37  Widow Mine, Marine x3  
  148  14:54  Marine  
  148  14:55  Marine x2  
  149  15:07  Widow Mine, Medivac  
  149  15:12  Marine  
  135  15:27  Marine  
  135  15:28  Widow Mine, Marine  
  139  15:30  Marine  
  139  15:37  Medivac  
  140  15:45  Marine x2  
  140  15:48  Marine  
  143  15:50  Widow Mine  
  143  15:55  Terran Vehicle Weapons Level 1  
  145  16:03  Marine x2  
  147  16:06  Marine  
  147  16:21  Marine x2  
  149  17:06  High Capacity Fuel Tanks  
  149  17:14  Neosteel Frame  
  149  17:20  Supply Depot  
  149  17:26  Supply Depot  
  149  17:41  Marine  
  149  17:42  Marine x2, Medivac  
  149  17:43  Supply Depot  
  154  17:48  Supply Depot  
  154  17:59  Marine x3  
  157  18:07  Supply Depot  
  157  18:12  Medivac  
  159  18:17  Marine x3  
  162  18:30  Supply Depot  
  160  18:35  Marine  
  160  18:38  Marine x2  
  163  18:53  Marine  
  163  18:54  Supply Depot  
  164  18:56  Marine x2  
  166  19:17  Supply Depot  
Show
View Real Time Build Order
Export as new Build Order

irvinz Zerg 

Build Orders: Hatch First 

Get SALT Encoding   

  12  0:02  Drone  
  13  0:09  Drone  
  14  0:30  Overlord  
  14  0:44  Hatchery  
  14  0:45  Drone  
  15  0:50  Drone  
  15  0:56  Drone  
  16  1:00  Drone  
  17  1:13  Spawning Pool  
  17  1:17  Drone  
  17  1:21  Drone  
  18  1:25  Extractor  
  18  1:29  Drone  
  18  1:40  Drone  
  19  1:50  Overlord  
  19  2:00  Zergling x2, Queen  
  22  2:01  Queen  
  22  2:04  Zergling x2  
  25  2:08  Drone  
  25  2:11  Zergling x2  
  27  2:20  Zergling x2  
  28  2:26  Drone  
  28  2:28  Drone  
  30  2:34  Drone  
  30  2:47  Drone x2  
  30  2:50  Drone  
  33  2:53  Metabolic Boost  
  33  3:04  Drone  
  33  3:05  Drone  
  35  3:08  Spine Crawler, Queen  
  36  3:16  Overlord  
  35  3:33  Zergling x2  
  36  3:37  Zergling x4  
  36  3:38  Drone x2, Zergling x4  
  42  3:47  Zergling x2  
  42  3:48  Zergling x2  
  43  3:51  Zergling x2  
  43  3:56  Zergling x2  
  43  4:18  Overlord  
  43  4:19  Overlord  
  43  4:25  Overlord  
  43  4:27  Extractor  
  43  4:28  Drone  
  43  4:30  Extractor  
  42  4:35  Drone  
  42  4:37  Lair  
  44  4:38  Drone x2  
  44  4:39  Roach Warren  
  44  4:47  Drone x2  
  44  4:48  Drone x2  
  44  4:49  Drone  
  49  4:54  Drone  
  49  4:57  Drone x3  
  53  5:02  Hatchery, Drone x3  
  53  5:03  Drone  
  56  5:13  Drone  
  56  5:14  Drone  
  57  5:22  Drone  
  57  5:27  Drone  
  59  5:35  Drone x2  
  60  5:36  Drone x2  
  60  5:39  Glial Reconstitution  
  60  5:41  Drone  
  64  5:42  Hydralisk Den  
  64  5:43  Extractor  
  64  5:45  Drone  
  63  5:52  Drone  
  63  5:53  Drone  
  63  5:55  Zergling x4  
  67  5:58  Zergling x2  
  67  6:02  Zergling x2  
  68  6:07  Baneling Nest  
  68  6:08  Zergling x2  
  68  6:13  Hydralisk x3  
  74  6:20  Overlord, Extractor  
  74  6:22  Extractor, Hydralisk  
  74  6:23  Overlord  
  74  6:39  Hydralisk x2  
  74  6:40  Hydralisk, Roach  
  74  6:43  Hydralisk x4  
  90  7:08  Hydralisk  
  90  7:15  Overlord x3  
  88  7:17  Hydralisk  
  88  7:21  Drone  
  89  7:24  Hydralisk  
  90  7:32  Hydralisk x2  
  90  7:33  Hydralisk x5  
  90  7:34  Hydralisk  
  106  7:37  Queen  
  106  7:40  Hydralisk  
  110  7:45  Hydralisk x2, Grooved Spines  
  114  7:57  Overlord, Drone  
  112  8:14  Queen  
  112  8:15  Hydralisk x3  
  120  8:20  Hydralisk  
  120  8:23  Overlord x4  
  120  8:24  Overlord  
  122  8:27  Hatchery  
  122  8:28  Drone  
  122  8:42  Hydralisk x5  
  122  8:43  Drone  
  122  8:44  Drone  
  122  8:45  Evolution Chamber  
  122  8:46  Evolution Chamber  
  122  8:47  Drone x2  
  134  8:53  Drone x3  
  134  8:55  Drone  
  138  8:58  Zergling x4  
  138  9:00  Drone  
  138  9:02  Drone  
  142  9:04  Drone  
  142  9:05  Drone  
  144  9:13  Drone x3  
  144  9:16  Drone  
  148  9:22  Drone x5  
  152  9:30  Drone  
  151  9:37  Drone x2  
  153  9:39  Drone  
  153  9:43  Drone x2  
  156  9:53  Extractor  
  156  9:54  Hydralisk, Roach x4  
  165  10:06  Hydralisk x3  
  151  10:07  Roach  
  151  10:13  Hydralisk  
  151  10:14  Hydralisk x3  
  125  10:15  Extractor  
  125  10:16  Hydralisk  
  125  10:17  Hydralisk, Roach  
  126  10:28  Hydralisk x4, Roach  
  120  10:29  Roach x2  
  120  10:33  Hydralisk  
  124  10:38  Roach x2  
  124  10:40  Roach  
  130  10:45  Roach  
  128  10:54  Roach x3  
  128  10:56  Roach x2  
  138  10:57  Hydralisk, Roach x3  
  138  10:58  Hydralisk, Roach x2  
  138  10:59  Hydralisk, Roach  
  156  11:10  Roach x2  
  160  11:13  Overlord  
  160  11:14  Overlord  
  160  11:26  Hydralisk  
  160  11:29  Hydralisk  
  160  11:31  Hydralisk x2, Roach x2  
  160  11:32  Overlord x2  
  164  11:36  Hydralisk x2  
  164  11:37  Hydralisk x2, Roach x2  
  164  11:38  Overlord, Roach  
  164  11:39  Overlord  
  176  11:51  Zergling x8  
  180  11:54  Zergling x4  
  182  12:07  Infestation Pit  
  182  12:08  Hydralisk x5  
  153  12:09  Roach x4  
  153  12:12  Hydralisk  
  153  12:13  Hatchery  
  146  12:16  Hydralisk x3  
  146  12:18  Hydralisk x2  
  146  12:21  Hydralisk x2  
  148  12:24  Zerg Missile Weapons Level 1  
  148  12:27  Zerg Ground Armor Level 1  
  148  12:30  Drone  
  148  12:33  Hydralisk x2  
  148  12:34  Hydralisk  
  154  12:38  Hydralisk x2  
  154  12:42  Hydralisk  
  154  12:43  Hydralisk  
  149  12:52  Spine Crawler x2  
  149  12:53  Spine Crawler x2  
  133  13:00  Hydralisk x3  
  133  13:01  Roach  
  135  13:06  Zergling x2  
  135  13:07  Zergling x4  
  138  13:13  Zergling x6  
  138  13:14  Zergling x2  
  138  13:18  Hydralisk  
  144  13:20  Muscular Augments  
  144  13:25  Roach x6  
  152  13:29  Roach x2  
  152  13:33  Roach  
  152  13:34  Roach x2  
  156  13:36  Roach  
  156  13:38  Roach  
  156  13:41  Roach  
  148  13:52  Roach x3  
  148  13:53  Roach x4  
  148  13:54  Roach  
  161  13:56  Roach  
  161  13:58  Hydralisk  
  161  14:00  Roach  
  167  14:07  Overseer x2  
  167  14:10  Roach x2  
  167  14:11  Hydralisk  
  167  14:16  Roach x2  
  179  14:17  Roach  
  179  14:18  Drone  
  179  14:19  Zergling x2  
  181  14:25  Zerg Missile Weapons Level 2  
  177  14:42  Zergling x2, Hydralisk x3, Roach  
  177  14:43  Roach x2  
  184  14:58  Hydralisk x3, Roach  
  184  14:59  Roach  
  187  15:06  Hydralisk x2, Roach  
  159  15:07  Roach  
  159  15:08  Roach  
  118  15:15  Hydralisk  
  118  15:16  Roach x2  
  118  15:18  Zergling x2  
  118  15:19  Zergling x2  
  120  15:22  Roach  
  120  15:27  Roach x2  
  114  15:29  Hydralisk  
  114  15:33  Roach  
  114  15:35  Roach  
  112  15:37  Zergling x4  
  112  15:40  Roach  
  96  15:45  Hydralisk  
  96  15:48  Lurker Den  
  89  15:54  Roach x3  
  78  16:05  Hydralisk  
  78  16:06  Roach x4  
  78  16:08  Roach  
  82  16:11  Hydralisk  
  82  16:14  Roach  
  82  16:16  Roach  
  83  16:22  Roach x2  
  83  16:25  Drone  
  84  16:26  Drone x2  
  84  16:30  Hydralisk  
  81  16:34  Hydralisk  
  81  16:38  Hydralisk  
  81  16:40  Hydralisk x8  
  81  16:44  Hydralisk  
  81  16:47  Hydralisk x2  
  85  16:48  Hydralisk  
  85  16:53  Hydralisk x2  
  89  16:55  Hydralisk  
  89  16:58  Hydralisk  
  95  17:01  Hydralisk  
  95  17:08  Hydralisk x2  
  97  17:11  Roach  
  103  17:20  Lurker x2  
  103  17:21  Lurker x2  
  104  17:23  Lurker x2  
  104  17:25  Lurker  
  104  17:26  Lurker x2  
  104  17:28  Hydralisk  
  109  17:32  Hydralisk  
  109  17:36  Hydralisk  
  105  17:38  Drone  
  105  17:43  Hydralisk  
  110  17:53  Hydralisk x2  
  110  17:55  Hydralisk  
  106  18:01  Hydralisk  
  106  18:04  Hydralisk  
  110  18:08  Overseer  
  110  18:12  Hydralisk  
  100  18:28  Hydralisk x3  
  87  18:39  Hydralisk x2  
  87  18:40  Hydralisk x4  
  77  18:44  Hydralisk  
Show
View Real Time Build Order
Export as new Build Order

DarkTemplar Protoss - Winner!

Build Orders:  

Get SALT Encoding   

  12  0:01  Probe  
  13  0:13  Probe  
  14  0:22  Pylon  
  14  0:27  Probe  
  15  0:40  Probe  
  16  0:44  Gateway  
  16  0:52  Probe  
  17  1:28  Probe  
  17  1:29  Forge  
  17  1:33  Assimilator  
  17  1:36  Zealot  
  19  1:41  Probe  
  20  1:55  Pylon  
  20  1:56  Probe  
  20  1:58  Assimilator  
  21  2:09  Probe  
  22  2:25  Probe  
  23  2:33  Probe  
  23  2:42  Probe  
  24  2:47  Cybernetics Core  
  24  2:48  Pylon  
  24  2:50  Probe  
  25  2:55  Nexus  
  25  2:58  Protoss Ground Weapons Level 1  
  26  3:04  Pylon  
  26  3:10  Probe  
  27  3:15  Warp Gate  
  27  3:20  Gateway  
  27  3:22  Photon Cannon  
  27  3:23  Probe  
  28  3:46  Probe  
  28  3:47  Pylon  
  29  3:52  Stalker  
  31  4:04  Probe  
  31  4:05  Robotics Facility  
  32  4:10  Probe, Pylon  
  32  4:13  Probe  
  34  4:26  Pylon  
  34  4:34  Stargate  
  34  4:40  Photon Cannon  
  34  4:41  Shield Battery  
  34  4:44  Probe x2  
  36  4:53  Protoss Ground Armor Level 1  
  36  4:56  Observer, Probe  
  36  4:58  Twilight Council  
  38  5:07  Probe  
  38  5:08  Probe  
  40  5:19  Pylon  
  40  5:20  Probe, Phoenix  
  43  5:25  Observer  
  44  5:38  Probe  
  44  5:40  Probe  
  46  5:50  Probe  
  46  5:52  Probe  
  46  5:53  Assimilator, Robotics Bay  
  48  5:58  Assimilator  
  48  6:00  Probe, Pylon  
  48  6:02  Probe, Pylon  
  49  6:07  Phoenix  
  49  6:10  Probe  
  52  6:14  Probe  
  54  6:26  Gateway  
  54  6:29  Gateway  
  54  6:32  Probe x2, Gateway  
  56  6:43  Protoss Ground Weapons Level 2, Nexus  
  56  6:44  Probe  
  57  6:58  Colossus  
  63  7:09  Photon Cannon  
  63  7:19  Pylon  
  63  7:26  Stalker  
  63  7:27  Stalker  
  67  7:32  Photon Cannon  
  67  7:35  Photon Cannon  
  67  7:37  Photon Cannon  
  67  7:45  Nexus  
  67  7:58  Probe x2  
  69  8:08  Zealot x2  
  69  8:10  Probe  
  70  8:31  Stalker  
  70  8:32  Stalker  
  74  8:43  Colossus  
  80  9:05  Gateway  
  80  9:08  Gateway  
  80  9:10  Gateway  
  80  9:14  Gateway  
  80  9:16  Pylon  
  80  9:18  Pylon  
  80  9:21  Pylon  
  80  9:27  Colossus  
  86  9:46  Gateway  
  86  9:47  Stalker x2, Protoss Ground Armor Level 2  
  86  9:48  Stalker x2, Gateway  
  86  9:49  Stalker  
  96  9:53  Nexus  
  96  9:55  Extended Thermal Lance  
  96  10:02  Charge  
  96  10:08  Probe x2  
  98  10:20  Probe  
  99  10:24  Zealot  
  99  10:25  Zealot x2  
  99  10:26  Zealot x3  
  99  10:27  Zealot  
  113  10:44  Phoenix  
  109  11:09  Phoenix  
  71  11:43  Probe x2, Blink  
  71  11:47  Probe  
  74  11:55  Probe x2, Photon Cannon x2  
  74  11:58  Colossus  
  74  11:59  Probe  
  77  12:03  Protoss Ground Weapons Level 3  
  77  12:07  Probe x2  
  79  12:09  Nexus  
  79  12:13  Zealot x2  
  79  12:14  Zealot  
  79  12:15  Zealot x2  
  93  12:16  Zealot x2  
  93  12:17  Zealot  
  99  12:39  Pylon  
  99  12:42  Pylon  
  85  12:45  Pylon  
  77  13:10  Zealot x2  
  77  13:11  Zealot  
  77  13:12  Zealot  
  84  13:13  Zealot x3  
  84  13:14  Zealot x2  
  86  13:50  Colossus  
  86  13:54  Stalker  
  86  13:55  Stalker x3  
  88  13:56  Stalker x2  
  88  13:57  Stalker  
  88  13:58  Stalker  
  104  14:28  Assimilator  
  104  14:31  Probe x4  
  106  14:33  Zealot  
  106  14:34  Protoss Ground Armor Level 3, Zealot x2  
  106  14:35  Colossus, Zealot x3  
  106  14:36  Zealot x2  
  106  14:37  Pylon, Zealot  
  126  14:40  Pylon  
  132  14:46  Resonating Glaives  
  132  14:48  Gravitic Drive  
  110  15:14  Stalker, Zealot  
  106  15:15  Stalker x2, Zealot  
  106  15:16  Zealot x2  
  106  15:17  Zealot  
  120  15:25  Colossus  
  104  15:45  Gravitic Boosters  
  92  16:06  Colossus  
  90  16:14  Stalker x2  
  90  16:15  Stalker x2  
  90  16:16  Stalker  
  90  16:17  Stalker x2  
  90  16:18  Stalker x2  
  102  16:51  Stalker  
  102  16:52  Stalker x3  
  102  16:53  Stalker x2  
  102  16:54  Stalker x3  
  116  16:55  Colossus  
  126  17:09  Assimilator  
  126  17:14  Pylon  
  126  17:18  Pylon  
  126  17:20  Pylon  
  126  17:36  Pylon  
  126  17:38  Stalker x2  
  126  17:39  Stalker x3  
  126  17:40  Stalker x3, Pylon  
  126  17:41  Stalker  
  126  17:42  Pylon  
  144  17:44  Pylon  
  144  18:06  Assimilator  
  142  18:26  Stalker  
  138  18:27  Stalker x2  
  138  18:28  Stalker x3  
  138  18:29  Stalker x2  
  138  18:30  Stalker  
Show
View Real Time Build Order
Export as new Build Order

bertman Terran 

Build Orders:  

Get SALT Encoding   

  12  0:01  SCV  
  13  0:16  Supply Depot  
  13  0:19  SCV  
  14  0:34  SCV  
  15  0:39  Barracks  
  15  0:47  SCV  
  16  0:59  SCV  
  17  1:11  SCV  
  18  1:23  SCV  
  19  1:30  Refinery  
  19  1:35  SCV  
  20  1:43  Barracks  
  20  1:45  Marine  
  21  1:48  SCV  
  22  2:03  Marine  
  23  2:19  Supply Depot  
  23  2:40  Marine  
  23  2:41  SCV  
  25  2:44  Supply Depot  
  25  2:50  Factory  
  25  3:05  Barracks Tech Lab  
  25  3:12  Refinery  
  23  3:40  SCV  
  23  3:41  Marine x2  
  24  3:52  SCV  
  25  3:59  Marine x2  
  26  4:06  Factory Tech Lab  
  26  4:17  Marine  
  26  4:23  SCV  
  28  4:32  Barracks Reactor  
  28  4:34  Marine  
  28  4:35  SCV  
  30  4:47  SCV  
  30  4:52  Marine  
  31  4:59  SCV  
  33  5:10  Marine  
  33  5:11  SCV  
  33  5:13  Engineering Bay  
  35  5:14  Marine  
  35  5:15  Marine  
  37  5:28  Marine  
  37  5:29  Orbital Command  
  37  5:31  Combat Shield  
  37  5:32  Marine  
  39  5:41  Command Center  
  39  5:51  Supply Depot  
  39  5:54  Terran Infantry Weapons Level 1  
  39  6:12  Marine x2  
  39  6:14  Supply Depot  
  41  6:26  Starport  
  41  6:27  Marine  
  41  6:30  Marine x2  
  44  6:45  Marine  
  45  6:48  Marine x2  
  47  6:54  SCV  
  49  7:02  Marine  
  49  7:03  Refinery  
  49  7:05  Marine x2  
  49  7:06  Orbital Command, SCV  
  52  7:18  SCV  
  52  7:20  Marine  
  54  7:23  Marine  
  55  7:30  SCV  
  56  7:37  SCV  
  56  7:42  SCV  
  58  7:49  SCV  
  61  7:54  SCV  
  62  8:01  SCV  
  62  8:03  Starport Reactor  
  61  8:07  SCV  
  61  8:10  Barracks  
  60  8:13  SCV  
  60  8:19  SCV  
  56  8:25  SCV  
  51  8:31  SCV  
  49  8:38  SCV  
  47  8:50  SCV x2  
  48  9:02  SCV  
  49  9:05  Medivac  
  49  9:06  Medivac  
  49  9:07  Marine x3  
  56  9:10  Siege Tank  
  59  9:17  Barracks Reactor  
  59  9:25  Marine x3  
  59  9:26  Terran Infantry Armor Level 1  
  59  9:29  Stimpack  
  62  9:35  Medivac  
  62  9:37  Armory  
  64  9:42  Siege Tank  
  64  9:43  Marine x3  
  70  9:46  Supply Depot  
  70  9:53  Refinery  
  70  10:04  Supply Depot  
  70  10:08  SCV, Marine  
  70  10:10  Marine x2  
  74  10:15  Siege Tank  
  74  10:20  SCV  
  78  10:26  Marine  
  78  10:27  Supply Depot  
  78  10:28  Supply Depot, Marine x2  
  79  10:32  SCV  
  82  10:44  Marine  
  82  10:46  Marine  
  78  11:13  Marine x2  
  78  11:14  Marine  
  81  11:21  Terran Infantry Weapons Level 2  
  81  11:31  Marine x3  
  84  11:49  Marine x3  
  87  12:07  Marine x3  
  88  12:25  Marine  
  67  12:37  Marine x2  
  67  12:43  Marine  
  60  12:44  Siege Tank  
  60  12:48  Medivac x2  
  67  12:55  Marine x2  
  69  13:00  Marine  
  67  13:09  Terran Vehicle Weapons Level 1  
  67  13:13  Marine x2  
  67  13:17  Siege Tank, Medivac  
  67  13:18  Marine  
  75  13:23  Medivac  
  77  13:31  Marine  
  79  13:36  Terran Infantry Armor Level 2, Marine  
  79  13:40  Marine  
  74  13:47  SCV, Medivac  
  77  13:58  Marine  
  77  14:00  Siege Tank, SCV  
  64  14:10  Missile Turret  
  64  14:11  Missile Turret  
  64  14:12  SCV  
  64  14:16  Marine  
  66  14:24  SCV  
  67  14:32  Siege Tank  
  67  14:34  Marine  
  67  14:37  SCV  
  72  14:49  SCV  
  72  14:52  Marine  
  70  15:01  SCV  
  70  15:03  Terran Vehicle And Ship Armor Level 1  
  70  15:04  Siege Tank  
  69  15:09  Marine  
  69  15:13  SCV  
  66  15:27  Marine  
  65  15:45  Barracks  
  65  15:53  Terran Infantry Weapons Level 3  
  65  15:54  Barracks Reactor  
  28  16:43  Marine  
  29  17:00  Marine  
  30  17:02  Barracks Reactor  
  30  17:07  Marine  
  30  17:08  Marine  
  32  17:12  Medivac x2  
  36  17:18  Marine  
  36  17:25  Marine  
  36  17:26  Marine  
  38  17:36  Marine  
  38  17:43  Marine  
  40  17:50  Starport  
  40  17:54  Marine  
Tags
 
Add a new tag
Caveats
  • Supply blocks, unpowered buildings, or Contaminate may cause inaccurate times.
  • Supply counts are checked every 10 seconds.